Map: Moonlight Madness LE (Void)

Players

Javert

  • Race: Zerg Zerg
  • League: Grandmaster

Calash - Winner!

  • Race: Protoss Protoss
  • League: Grandmaster

VOD

Have the link to the VOD?

Description

Time

  • Played on: Sept. 2, 2015, 9:26 p.m.
  • Length: 16:52
Show
View Real Time Build Order
Export as new Build Order

Javert Zerg 

Build Orders: Hatch First 

Get SALT Encoding   

  12  0:01  Drone  
  13  0:13  Overlord  
  13  0:18  Drone  
  14  0:32  Drone x2  
  16  0:36  Drone  
  17  0:57  Hatchery  
  17  1:00  Drone  
  17  1:01  Drone  
  18  1:09  Drone, Extractor  
  18  1:22  Spawning Pool  
  17  1:28  Drone  
  18  1:38  Drone  
  19  1:43  Drone  
  20  1:53  Overlord  
  20  2:06  Drone  
  21  2:10  Queen  
  21  2:11  Queen  
  21  2:12  Metabolic Boost  
  25  2:19  Zergling x4  
  27  2:25  Drone x2  
  29  2:50  Spore Crawler  
  28  2:55  Drone x6  
  34  3:00  Spore Crawler  
  33  3:07  Roach Warren  
  31  3:29  Hatchery  
  30  3:37  Drone  
  30  3:38  Drone x4  
  35  3:50  Overlord  
  29  4:19  Drone x5  
  29  4:20  Drone  
  34  4:30  Drone x2  
  34  4:31  Drone x3  
  38  4:39  Drone  
  38  4:42  Lair  
  38  4:49  Roach x3  
  44  4:53  Queen  
  45  5:04  Spore Crawler  
  43  5:07  Queen  
  43  5:08  Drone  
  43  5:09  Drone x4  
  48  5:17  Drone x2  
  50  5:30  Overlord, Spine Crawler  
  49  5:44  Glial Reconstitution  
  49  5:46  Drone  
  49  5:47  Drone, Extractor  
  49  5:48  Overlord x2  
  50  5:52  Overlord  
  50  6:02  Drone  
  50  6:03  Drone x3  
  54  6:07  Evolution Chamber  
  54  6:08  Evolution Chamber  
  52  6:31  Ravager x2  
  52  6:32  Ravager  
  55  6:35  Zergling x10  
  55  6:36  Zergling x16  
  68  6:49  Drone  
  68  6:50  Drone x6  
  75  6:55  Zerg Missile Weapons Level 1, Zerg Ground Armor Level 1  
  75  6:58  Drone  
  75  6:59  Extractor  
  75  7:01  Extractor  
  74  7:08  Drone x6  
  71  7:37  Drone x2  
  71  7:38  Drone x10  
  67  7:53  Drone  
  67  7:54  Drone x4  
  69  8:04  Roach x5  
  73  8:13  Spine Crawler  
  73  8:15  Spine Crawler, Roach x3  
  73  8:16  Roach x2  
  81  8:28  Burrow  
  81  8:40  Extractor  
  81  8:41  Hatchery, Overlord x2, Extractor  
  76  8:45  Drone  
  76  8:46  Overlord  
  76  8:49  Overseer  
  76  8:52  Overlord  
  76  8:54  Zerg Missile Weapons Level 2  
  76  9:00  Extractor  
  76  9:01  Extractor  
  74  9:03  Queen  
  76  9:10  Hydralisk Den  
  75  9:18  Hatchery  
  75  9:20  Zergling x2  
  75  9:21  Zergling x18  
  84  9:39  Queen x2  
  88  9:48  Roach x5  
  88  9:49  Roach  
  100  9:53  Overlord  
  101  10:00  Drone x2  
  88  10:23  Roach  
  88  10:24  Roach x8  
  106  10:30  Drone x2  
  71  11:07  Roach x4  
  71  11:08  Roach x6  
  75  11:20  Roach  
  75  11:21  Roach x5  
  74  11:34  Drone x4  
  55  11:57  Roach x7  
  63  12:04  Spore Crawler  
  54  12:23  Roach  
  54  12:24  Roach x4  
  54  12:27  Spore Crawler  
  52  12:49  Roach x3  
  51  13:00  Roach x3  
  49  13:20  Ravager x3  
  52  13:35  Drone x5  
  52  13:43  Hydralisk x5  
  62  13:55  Hydralisk x3  
  62  14:01  Ravager  
  69  14:03  Ravager  
  69  14:04  Ravager x2  
  72  14:14  Drone x2  
  72  14:30  Zergling x2  
  72  14:31  Zergling x10  
  70  15:12  Hydralisk  
  70  15:13  Hydralisk x4  
  75  15:32  Hydralisk x2  
  79  15:47  Drone x3  
  40  16:13  Zergling x12  
  38  16:22  Hydralisk  
Show
View Real Time Build Order
Export as new Build Order

Calash Protoss - Winner!

Build Orders: 1 Gate Expand, Oracle Opening 

Get SALT Encoding   

  12  0:04  Probe (Chrono Boost)  
  13  0:16  Probe (Chrono Boost)  
  13  0:21  Pylon  
  15  0:28  Probe (Chrono Boost)  
  15  0:40  Probe (Chrono Boost)  
  16  0:50  Gateway  
  16  0:53  Assimilator  
  16  0:55  Probe (Chrono Boost)  
  17  0:59  Assimilator  
  17  1:07  Probe (Chrono Boost)  
  19  1:19  Probe (Chrono Boost)  
  19  1:30  Nexus  
  19  1:36  Probe (Chrono Boost)  
  20  1:45  Cybernetics Core  
  20  1:53  Probe (Chrono Boost)  
  21  1:58  Pylon  
  21  2:05  Probe (Chrono Boost)  
  22  2:11  Warp Gate  
  22  2:17  Probe (Chrono Boost)  
  23  2:25  Adept  
  23  2:26  Stargate  
  26  2:30  Probe (Chrono Boost)  
  26  2:43  Probe (Chrono Boost)  
  27  2:49  Probe (Chrono Boost)  
  27  2:51  Pylon  
  27  2:55  Probe (Chrono Boost)  
  27  2:56  Adept  
  32  3:07  Probe x2 (Chrono Boost)  
  32  3:08  Pylon  
  32  3:19  Probe x2 (Chrono Boost)  
  34  3:30  Stalker  
  34  3:31  Oracle  
  39  3:37  Probe x2 (Chrono Boost)  
  39  3:41  Robotics Facility  
  41  3:50  Probe x2 (Chrono Boost)  
  41  3:54  Gateway  
  36  4:31  Probe x2 (Chrono Boost)  
  36  4:33  Gateway  
  36  4:36  Warp Prism  
  36  4:37  Gateway  
  36  4:38  Gateway  
  36  4:43  Probe x2 (Chrono Boost)  
  37  4:55  Probe x2 (Chrono Boost)  
  39  5:01  Pylon  
  41  5:07  Probe (Chrono Boost)  
  41  5:08  Probe (Chrono Boost)  
  41  5:17  Void Ray  
  41  5:19  Probe (Chrono Boost)  
  41  5:20  Probe (Chrono Boost)  
  47  5:32  Probe x2 (Chrono Boost)  
  51  5:44  Probe (Chrono Boost)  
  51  5:47  Mothership Core (Chrono Boost)  
  51  5:49  Immortal  
  56  5:53  Sentry x2  
  56  5:56  Sentry, Probe (Chrono Boost)  
  63  5:59  Void Ray  
  67  6:08  Probe (Chrono Boost), Adept  
  70  6:29  Pylon  
  70  6:31  Pylon  
  70  6:40  Assimilator  
  70  6:43  Pylon  
  70  6:45  Pylon, Assimilator  
  70  6:46  Pylon  
  71  6:48  Probe (Chrono Boost)  
  72  6:54  Probe (Chrono Boost)  
  72  6:55  Immortal  
  72  7:01  Probe (Chrono Boost), Adept  
  77  7:02  Adept x4  
  79  7:24  Adept x3  
  79  7:25  Adept x2  
  78  7:34  Immortal  
  66  7:58  Zealot x5  
  68  8:13  Probe x2 (Chrono Boost)  
  68  8:25  Probe (Chrono Boost)  
  67  8:40  Probe x2 (Chrono Boost), Immortal  
  65  8:47  Zealot x5  
  69  8:52  Nexus  
  69  8:56  Pylon  
  69  9:02  Probe x2 (Chrono Boost)  
  71  9:10  Adept x5  
  71  9:14  Probe (Chrono Boost)  
  82  9:21  Forge  
  82  9:23  Immortal  
  86  9:26  Probe x2 (Chrono Boost)  
  88  9:33  Adept x4  
  98  9:38  Probe x2 (Chrono Boost)  
  98  9:40  Pylon  
  98  9:44  Adept  
  100  9:50  Probe (Chrono Boost)  
  101  9:54  Adept x2  
  101  9:55  Adept  
  101  10:18  Adept x5  
  109  10:24  Warp Prism  
  111  10:28  Protoss Ground Weapons Level 1  
  75  11:21  Probe x3 (Chrono Boost)  
  75  11:22  Assimilator  
  78  11:26  Assimilator  
  78  11:31  Immortal  
  84  11:33  Probe x2 (Chrono Boost)  
  84  11:38  Adept x5  
  88  11:58  Adept  
  88  11:59  Adept x4  
  94  12:11  Immortal  
  98  12:19  Adept x2  
  98  12:20  Adept x3  
  101  12:37  Probe x3 (Chrono Boost)  
  99  12:50  Immortal  
  87  13:02  Adept x2  
  87  13:03  Adept x3  
  93  13:07  Probe x2 (Chrono Boost), Protoss Ground Armor Level 1  
  93  13:11  Twilight Council  
  93  13:13  Pylon  
  93  13:14  Photon Cannon  
  87  13:24  Void Ray  
  91  13:29  Immortal  
  92  13:42  Probe (Chrono Boost)  
  92  13:43  Probe x2 (Chrono Boost)  
  92  13:50  Robotics Facility  
  92  13:51  Templar Archives  
  92  13:53  Robotics Bay  
  92  14:07  Void Ray  
  96  14:11  Zealot x4  
  96  14:12  Zealot  
  96  14:13  Charge  
  108  14:25  Probe (Chrono Boost)  
  108  14:26  Probe (Chrono Boost)  
  108  14:35  Sentry x4  
  108  14:36  Zealot  
  118  14:50  Void Ray  
  118  14:58  Adept x5  
  113  15:20  Adept x4  
  113  15:21  Adept  
  121  15:24  Nexus  
  120  15:32  Pylon  
  120  15:35  Pylon  
  115  15:38  Assimilator  
  115  15:40  Zealot x2  
  115  15:41  Zealot x2  
  123  15:43  Assimilator  
  123  15:52  Pylon  
  123  15:53  Pylon  
  123  15:55  Pylon  
  103  16:16  Zealot x3  
  103  16:17  Zealot x2  
  113  16:21  Probe x2 (Chrono Boost)  
  115  16:26  Photon Cannon  
  115  16:46  Zealot x2  
  115  16:47  Zealot x3  
Tags
 
Add a new tag
Caveats
  • Supply blocks, unpowered buildings, or Contaminate may cause inaccurate times.
  • Supply counts are checked every 10 seconds.